 Dungeon Crawl Stone Soup version 0.29.1-15-g9cfb28693d (webtiles) character file.

Game seed: 13111200574390328481

109 Ast3rio the Ducker (level 5, -5/35 HPs)
             Began as a Djinni Hedge Wizard on Mar 14, 2023.
             Slain by a gnoll
             ... wielding a +0 whip
              (8 damage)
             ... on level 3 of the Dungeon.
             The game lasted 00:07:48 (3781 turns).

Ast3rio the Ducker (Djinni Hedge Wizard)            Turns: 3781, Time: 00:07:49

Health: -5/35      AC:  2    Str:  9    XL:     5   Next: 13%
Gold:   71         EV: 13    Int: 17    God:
                   SH:  0    Dex: 13

rFire   + + .      SeeInvis .   n - +0 dagger (speed)
rCold   x . .      Faith    .   (no shield)
rNeg    . . .      Spirit   .   b - +0 robe
rPois   ∞          Reflect  .   c - +0 hat
rElec   .          Harm     .   (no cloak)
rCorr   .          Rampage  .   (no gloves)
Will    .....                   (boots unavailable)
Stlth   ++........              d - amulet of the acrobat
HPRegen 0.11/turn               (no ring)
MPRegen 0.00/turn               (no ring)

@: flying
A: sickness immunity, fire resistance 2, cold vulnerability 1, float, innate
caster, HP casting, extra vitality 1
a: no special abilities


You were on level 3 of the Dungeon.
You visited 1 branch of the dungeon, and saw 3 of its levels.

You collected 71 gold pieces.

Inventory:

Hand Weapons
 a - a +0 dagger
 n - a +0 dagger of speed (weapon)
Armour
 b - a +0 robe (worn)
 c - a +0 hat (worn)
 e - a +0 barding
Jewellery
 d - an amulet of the acrobat (around neck)
 j - a ring of fire
Scrolls
 f - a scroll of amnesia {unknown}
 g - a scroll of noise {unknown}
 h - a scroll of teleportation {unknown}
 l - a scroll of identify {unknown}
Potions
 i - a potion of curing {unknown}
 k - a potion of flight {unknown}
 m - a potion of heal wounds {unknown}


   Skills:
 + Level 3.5 Dodging
 + Level 2.7 Stealth
 + Level 3.1 Spellcasting


You couldn't memorise any spells.
You knew the following spells:

 Your Spells              Type           Power      Damage    Failure   Level
a - Magic Dart            Conj           52%        1d5       4%          1
b - Blink                 Tloc           26%        N/A       7%          2
c - Call Imp              Summ           13%        N/A       7%          2
d - Slow                  Hex            52%        N/A       4%          1
e - Conjure Flame         Conj/Fire      13%        6-21      14%         3
f - Mephitic Cloud        Conj/Pois/Air  13%        N/A       14%         3
g - Necrotise             Necr           52%        1d6       4%          1
h - Static Discharge      Conj/Air       13%        3-5/arc   7%          2
Your spell library was empty.

Dungeon Overview and Level Annotations

Branches:
Dungeon (3/15)

Altars:
Cheibriados


Innate Abilities, Weirdness & Mutations

You are immune to sickness and miasma.
You are immune to poison.
Your flesh is very heat resistant. (rF++)
You are vulnerable to cold. (rC-)
You float through the air rather than walking.
You learn spells naturally, not from books.
Your magical power is your life essence.
You have superior vitality. (+4 MHP)


Message History

Confirm with . or Enter, or press ? or * to list all spells.
Aiming: Magic Dart (safe; 4% risk of failure)
Press: ? - help, Shift-Dir - straight line, f/p - gnoll sergeant
Aim: a gnoll sergeant, wielding a +0 trident and wearing a +0 scale mail (lightly wounded, 100% to hit)
The magic dart hits the gnoll sergeant but does no damage.
The gnoll sergeant is lightly wounded.
The gnoll sergeant hits you from afar with a +0 trident.
* * * LOW HITPOINT WARNING * * *
The gnoll sergeant misses you.
You hit the gnoll sergeant.
The gnoll sergeant is lightly wounded.
You hit the gnoll sergeant but do no damage.
The gnoll sergeant is lightly wounded.
The gnoll sergeant hits you with a +0 trident.
* * * LOW HITPOINT WARNING * * *
You hit the gnoll sergeant.
The gnoll sergeant is moderately wounded.
You barely miss the gnoll sergeant.
The gnoll sergeant is moderately wounded.
The gnoll sergeant hits you with a +0 trident.
* * * LOW HITPOINT WARNING * * *
You barely miss the gnoll sergeant.
The gnoll sergeant is moderately wounded.
The gnoll sergeant barely misses you.
You barely miss the gnoll sergeant.
The gnoll sergeant is moderately wounded.
You hit the gnoll sergeant but do no damage.
The gnoll sergeant is moderately wounded.
The gnoll sergeant hits you but does no damage.
You hit the gnoll sergeant but do no damage.
The gnoll sergeant is moderately wounded.
The gnoll sergeant completely misses you.
The gnoll completely misses you.
There is an open door, spattered with blood here.
You hit the gnoll but do no damage.
The gnoll is moderately wounded.
You closely miss the gnoll.
The gnoll is moderately wounded.
The gnoll sergeant barely misses you. The gnoll hits you with a +0 whip!
You die...

♣♣♣♣♣♣ #.# ♣...)♣♣
#.# #####..♣♣♣
#####.# #...#....♣♣♣
#...#.#
##...#..♣..)♣♣###.#.#
#!).g@.....)).....#.#
##...#g♣....♣♣#...#)#
#...#..).♣♣♣ ##.##.#
#####..♣♣♣ #....#
♣)...♣♣ ###### ♣♣♣♣♣♣


You could see a gnoll sergeant and a gnoll.

Vanquished Creatures
  3 adders (D:2)
  2 gnolls (D:3)
  2 worms (D:2)
  A dart slug (D:2)
  6 ball pythons
  5 endoplasms
  5 giant cockroaches
  7 hobgoblins
  4 kobolds
  A quokka (D:1)
  3 bats
  3 frilled lizards
  6 goblins
  4 rats
52 creatures vanquished.

Notes
Turn   | Place    | Note
-------+----------+-------------------------------------------
     0 | D:1      | Ast3rio the Djinni Hedge Wizard began the quest for the
                  | Orb.
     0 | D:1      | Ast3rio set off with the following spells memorised: Magic
                  | Dart, Blink, Call Imp, Slow, Conjure Flame, Mephitic Cloud.
     0 | D:1      | Reached XP level 1. HP: 15/15 MP: 0/0
   264 | D:1      | Reached XP level 2. HP: 15/21 MP: 0/0
   787 | D:1      | Found a faded altar of an unknown god.
   844 | D:1      | Reached XP level 3. HP: 18/25 MP: 0/0
   844 | D:1      | Learned a level 1 spell: Necrotise
  2423 | D:2      | Reached XP level 4. HP: 20/31 MP: 0/0
  3131 | D:2      | Found a snail-covered altar of Cheibriados.
  3619 | D:3      | Reached XP level 5. HP: 29/35 MP: 0/0
  3619 | D:3      | Learned a level 2 spell: Static Discharge
  3758 | D:3      | Found the +3 woodcutter's axe {vorpal}
  3781 | D:3      | Slain by a gnoll

Illustrated notes

Levels and vault maps discovered:
D:1:      amcnicky_arrival_flooded_fountain, layout_loops_ring,
          hellmonk_ecumenical_altar_leap_of_faith, minivault_19
D:2:      layout_basic, basic_altar, st_stairs_5
D:3:      layout_basic, pf_guarded_unrand_woodcutter

Skill      XL: |  1  2  3  4 |
---------------+-------------+-----
Stealth        | 2 |  2.7
Dodging        | 3 |  3.5
Spellcasting   | 3 |  3.1

Action                   |  1- 3 |  4- 6 || total
-------------------------+-------+-------++-------
Melee: Dagger            |    14 |    10 ||    24
 Cast: Magic Dart        |    79 |    69 ||   148
       Call Imp          |     3 |       ||     3
Armor: Robe              |     2 |     7 ||     9
Dodge: Dodged            |    16 |    30 ||    46
